 Dungeon Crawl Stone Soup version 0.17.1-3-g152610e (webtiles) character file.

3427 Peloso the Blocker (level 9, -1/81 HPs)
             Began as a Minotaur Fighter on Apr 12, 2016.
             Was an Initiate of Okawaru.
             Slain by a cyclops (23 damage)
             ... on level 8 of the Dungeon.
             The game lasted 00:16:40 (6242 turns).

Peloso the Blocker (Minotaur Fighter)               Turns: 6242, Time: 00:16:40

Health: -1/81      AC: 12    Str: 21    XL:     9   Next: 76%
Magic:  8/8        EV: 10    Int:  5    God:    Okawaru [......]
Gold:   461        SH: 12    Dex: 13    Spells: 0 memorised, 8 levels left

rFire  x . .     SeeInvis .     a - +0 long sword
rCold  + . .     Clarity  .     N - +0 chain mail
rNeg   + . .     SustAt   .     c - +0 shield
rPois  .         Gourm    .     (helmet restricted)
rElec  .         Spirit   .     B - +0 cloak (curse)
rCorr  .         Warding  +     (no gloves)
rMut   .         Stasis   .     (no boots)
MR     .....                    L - amulet of warding
Stlth  ..........               n - ring of stealth
                                u - ring of ice

@: not resistant to hostile enchantments, extremely unstealthy
A: retaliatory headbutt, horns 2
a: Renounce Religion


You were on level 8 of the Dungeon.
You worshipped Okawaru.
Okawaru was noncommittal.
You were not hungry.

You visited 2 branches of the dungeon, and saw 9 of its levels.

You collected 461 gold pieces.

Inventory:

Hand Weapons
 a - a +0 long sword (weapon)
Armour
 b - a +1 scale mail
 c - a +0 shield (worn)
 B - a cursed +0 cloak (worn)
 N - a +0 chain mail (worn)
Jewellery
 n - a ring of stealth (right hand)
 u - a ring of ice (left hand)
 L - an amulet of warding (around neck)
Wands
 p - a wand of enslavement (17)
 t - a wand of digging (23)
 y - a wand of fireball (1)
 C - a wand of disintegration (8)
 J - a wand of teleportation (6)
Scrolls
 d - a scroll of identify
 f - 12 scrolls of remove curse
 g - 3 scrolls of fear
 j - 2 scrolls of enchant armour
 l - a scroll of teleportation
 s - 2 scrolls of recharging
 v - a scroll of noise
 z - a scroll of enchant weapon {unknown}
 G - 3 scrolls of magic mapping {unknown}
 I - a scroll of random uselessness {unknown}
Potions
 h - 2 potions of resistance {unknown}
 i - a potion of beneficial mutation {unknown}
 k - a potion of magic {unknown}
 q - a potion of agility {unknown}
 r - 3 potions of ambrosia {unknown}
 w - 3 potions of brilliance {unknown}
 A - 5 potions of curing
 E - a potion of flight {unknown}
 F - 2 potions of heal wounds {unknown}
 H - a potion of cancellation {unknown}
 P - a potion of haste {unknown}
Books
 D - a book of Party Tricks

   Spells                             Type                      Level
   a - Summon Butterflies             Summoning                    1
   b - Apportation                    Translocation                1
   c - Tukima's Dance                 Hexes                        3
   d - Alistair's Intoxication        Transmutation/Poison         4
   e - Invisibility                   Hexes                        6
 K - a book of Beasts

   Spells                             Type                      Level
   a - Summon Butterflies             Summoning                    1
   b - Call Canine Familiar           Summoning                    3
   c - Summon Ice Beast               Ice/Summoning                4
   d - Summon Mana Viper              Hexes/Summoning              5
   e - Summon Hydra                   Summoning                    7
Comestibles
 e - 4 bread rations
 m - 5 meat rations
 o - 9 slices of pizza
 x - 4 fruits
 M - a chunk of flesh
 O - 3 beef jerkies


   Skills:
 + Level 7.9 Fighting
 + Level 6.8 Long Blades
 + Level 8.3 Armour
 + Level 6.5 Dodging
 + Level 1.7 Stealth
 + Level 9.2 Shields
 + Level 0.3 Evocations


You had 8 spell levels left.
You didn't know any spells.

Dungeon Overview and Level Annotations

Branches:
Dungeon (8/15)             Temple (1/1) D:4
   Lair: D:8-11

Altars:
Cheibriados
Dithmenos
Gozag
Makhleb
Okawaru
Qazlal
Sif Muna
Trog
Xom
Yredelemnul
Zin
The Shining One

Shops:
D:5 :[   D:6 [


Innate Abilities, Weirdness & Mutations

You reflexively headbutt those who attack you in melee.
You have a pair of horns on your head.


Message History

You block the cyclops's attack.
You slash the cyclops! Your headbutt misses the cyclops.
The cyclops is severely wounded.
You block the cyclops's attack.
You hit the cyclops but do no damage.
The cyclops is severely wounded.
You slash the cyclops!
You headbutt the cyclops, but do no damage.
The cyclops is almost dead.
You block the cyclops's attack.
You hit the cyclops but do no damage. You headbutt the cyclops.
The cyclops is almost dead.
You block the cyclops's attack.
You hit the cyclops.
The cyclops is almost dead.
You block the cyclops's attack.
You hit the cyclops. You headbutt the cyclops.
The cyclops is almost dead.
The cyclops hits you!!
You die...

#......# # ## #.#....#
# # #. +.#.#### #. #.
###.# #.##. #.# #####
..?.###### #.# #....
#....##?# #.# #.>#.
####C.....# #.###..#.
#....@.##.####........
#.##.#.##........#..#.
#..(##..#####.#....
#...(......##.##...
#.####..##.##.#####
#..............#
#.#####........# #.
#..#.##..# #..#..#..#


You could see a cyclops.

Vanquished Creatures
  The ghost of colpogo the Cleaver, a novice MiBe of Trog (D:6)
  Grinder (D:3)
  A human (D:7)
  A hippogriff (D:8)
  A yak (D:7)
  Menkaure (D:5)
  A hog (D:7)
  3 phantoms
  Purgy (D:3)
  2 ice beasts
  A black bear (D:6)
  An ogre (D:5)
  3 centaurs (D:7)
  A giant frog (D:7)
  A scorpion (D:7)
  3 killer bees (D:7)
  2 quasits
  2 crimson imps (D:7)
  5 orc wizards
  A centaur skeleton (D:7)
  A giant frog zombie (D:7)
  3 jellies
  Ijyb (D:2)
  2 hounds
  A worker ant (D:4)
  Natasha (twice) (D:2)
  2 sheep (D:7)
  2 iguanas
  Robin (D:3)
  8 gnolls
  6 adders
  A shadow imp (D:5)
  An ooze (D:1)
  2 adder skeletons
  An adder zombie (D:7)
  3 worms (D:3)
  7 giant geckos
  13 orcs
  3 ball pythons
  11 goblins
  9 hobgoblins
  12 jackals
  3 quokkas
  5 bats
  3 giant cockroaches
  3 giant newts (D:1)
  7 kobolds
  A quokka skeleton (D:7)
  3 rats
150 creatures vanquished.

Notes
Turn   | Place    | Note
--------------------------------------------------------------
     0 | D:1      | Peloso the Minotaur Fighter began the quest for the Orb.
     0 | D:1      | Reached XP level 1. HP: 19/19 MP: 0/0
   112 | D:1      | Reached XP level 2. HP: 21/27 MP: 1/1
   116 | D:1      | Reached skill level 4 in Armour
   520 | D:2      | Noticed Natasha
   531 | D:2      | Killed Natasha
   531 | D:2      | Reached XP level 3. HP: 2/33 MP: 2/2
   854 | D:2      | Reached skill level 1 in Dodging
   914 | D:2      | Noticed Ijyb
   922 | D:2      | Killed Ijyb
   922 | D:2      | Reached XP level 4. HP: 25/41 MP: 3/3
  1556 | D:2      | Noticed Natasha
  1562 | D:2      | Killed Natasha
  1855 | D:3      | Noticed Purgy
  1867 | D:3      | Killed Purgy
  1867 | D:3      | Reached XP level 5. HP: 34/47 MP: 4/4
  2050 | D:3      | Noticed Grinder
  2069 | D:3      | Paralysed by Grinder for 4 turns
  2073 | D:3      | Killed Grinder
  2073 | D:3      | Reached skill level 5 in Fighting
  2073 | D:3      | Reached skill level 5 in Armour
  2073 | D:3      | Reached skill level 5 in Shields
  2073 | D:3      | Reached XP level 6. HP: 30/56 MP: 5/5
  2240 | D:3      | Noticed Robin
  2255 | D:3      | Killed Robin
  2334 | D:4      | Found a deep blue altar of Sif Muna.
  2441 | D:4      | Reached XP level 7. HP: 49/61 MP: 6/6
  2546 | D:4      | Found a staircase to the Ecumenical Temple.
  3343 | D:5      | Entered Level 5 of the Dungeon
  3357 | D:5      | Found a stormy altar of Qazlal.
  3357 | D:5      | Found a bloodstained altar of Trog.
  3358 | D:5      | Found a shimmering altar of Xom.
  3468 | D:5      | Found Xaty's Armour Shoppe.
  3703 | D:5      | Found Vusofil's Book Shop.
  3837 | D:5      | Reached skill level 6 in Armour
  4065 | D:5      | Noticed Menkaure
  4074 | D:5      | Killed Menkaure
  4074 | D:5      | Reached skill level 1 in Stealth
  4473 | D:5      | Reached XP level 8. HP: 70/70 MP: 7/7
  4548 | D:6      | Noticed colpogo's ghost (novice MiBe)
  4559 | D:6      | Killed colpogo's ghost
  4559 | D:6      | Reached skill level 5 in Long Blades
  4559 | D:6      | Reached skill level 7 in Armour
  4559 | D:6      | Reached skill level 5 in Dodging
  4565 | D:6      | Found a basalt altar of Yredelemnul.
  4571 | D:6      | Found Ilaok's Armour Shoppe.
  4848 | D:6      | Reached XP level 9. HP: 64/78 MP: 8/8
  5020 | D:7      | Found a burning altar of Makhleb.
  5472 | D:7      | Reached skill level 8 in Shields
  5974 | Temple   | Entered the Ecumenical Temple
  5990 | Temple   | Became a worshipper of Warmaster Okawaru
  6176 | D:8      | Reached skill level 9 in Shields
  6227 | D:8      | Noticed a cyclops
  6242 | D:8      | Slain by a cyclops

Action                   |  1- 3 |  4- 6 |  7- 9 || total
-------------------------+-------+-------+-------++-------
Melee: Long sword        |    74 |   107 |   371 ||   552
Evoke: Wand              |       |     2 |     3 ||     5
  Use: Scroll            |       |    10 |       ||    10
       Potion            |       |       |     1 ||     1
 Stab: Sleeping          |       |       |     2 ||     2
  Eat: Chunk             |       |     5 |    11 ||    16
       Fruit             |       |       |     2 ||     2
